Map: Jagannatha LE

Players

Stats - Winner!

  • Race: Protoss Protoss
  • League: Grandmaster
  • Spawn Location: 7:00

Zest

  • Race: Protoss Protoss
  • League: Master
  • Spawn Location: 1:00

Event: TSL 6

VOD

Have the link to the VOD?

Description

Time

  • Played on: Dec. 18, 2020, 10:57 a.m.
  • Length: 14:21

All games in this series

Show
View Real Time Build Order
Export as new Build Order

Stats Protoss - Winner!

Build Orders:  

Get SALT Encoding   

  12  0:00  Probe  
  13  0:12  Probe  
  14  0:17  Pylon  
  14  0:24  Probe (Chrono Boost)  
  15  0:36  Probe (Chrono Boost)  
  15  0:37  Gateway  
  16  0:45  Probe (Chrono Boost)  
  16  0:46  Assimilator  
  17  0:51  Probe  
  17  0:55  Assimilator  
  18  1:03  Probe (Chrono Boost)  
  19  1:08  Gateway  
  19  1:14  Probe (Chrono Boost)  
  20  1:19  Probe (Chrono Boost)  
  20  1:25  Cybernetics Core  
  21  1:30  Probe  
  22  1:37  Pylon  
  22  1:42  Probe  
  23  1:55  Probe  
  23  1:59  Warp Gate (Chrono Boost)  
  24  2:01  Adept x2  
  24  2:08  Probe  
  29  2:13  Pylon  
  29  2:26  Pylon  
  29  2:33  Stalker  
  29  2:36  Stalker  
  33  3:01  Nexus  
  33  3:06  Sentry  
  33  3:07  Sentry  
  33  3:09  Pylon  
  37  3:15  Shield Battery  
  37  3:18  Probe  
  38  3:30  Probe  
  39  3:42  Probe (Chrono Boost)  
  39  3:43  Adept x2  
  44  3:51  Twilight Council  
  44  3:54  Probe (Chrono Boost)  
  45  4:01  Probe (Chrono Boost)  
  46  4:09  Probe (Chrono Boost)  
  47  4:16  Probe (Chrono Boost)  
  48  4:21  Probe (Chrono Boost)  
  50  4:25  Probe (Chrono Boost)  
  50  4:26  Probe (Chrono Boost)  
  50  4:30  Probe (Chrono Boost)  
  49  4:35  Probe  
  51  4:41  Stalker  
  51  4:42  Stalker, Probe  
  50  4:47  Probe  
  49  4:54  Probe  
  49  4:55  Blink  
  49  4:57  Phoenix  
  49  4:59  Probe  
  50  5:04  Forge  
  50  5:06  Probe  
  49  5:10  Sentry  
  49  5:11  Stalker, Probe (Chrono Boost)  
  52  5:17  Assimilator  
  52  5:18  Probe (Chrono Boost)  
  52  5:21  Phoenix  
  53  5:23  Probe (Chrono Boost)  
  55  5:29  Probe (Chrono Boost)  
  55  5:30  Pylon, Probe (Chrono Boost)  
  55  5:31  Protoss Ground Weapons Level 1 (Chrono Boost)  
  55  5:33  Probe (Chrono Boost)  
  57  5:37  Probe  
  58  5:43  Nexus  
  58  5:45  Probe  
  58  5:49  Probe  
  60  5:54  Gateway  
  60  5:56  Gateway  
  60  5:57  Probe  
  61  6:01  Phoenix, Shield Battery, Probe  
  62  6:08  Stalker  
  62  6:09  Stalker  
  62  6:11  Probe  
  67  6:14  Probe  
  68  6:18  Pylon  
  68  6:23  Probe  
  69  6:26  Probe  
  69  6:31  Pylon  
  70  6:36  Probe  
  70  6:38  Stalker x2, Probe  
  76  6:42  Gateway x2  
  76  6:52  Probe x2  
  78  6:58  Gateway  
  78  6:59  Gateway, Charge (Chrono Boost)  
  78  7:01  Stalker x2  
  82  7:10  Stalker x2  
  86  7:15  Pylon  
  86  7:16  Pylon  
  86  7:18  Protoss Ground Weapons Level 2 (Chrono Boost)  
  86  7:31  Stalker x2  
  86  7:37  Phoenix, Stalker x3  
  92  7:38  Stalker  
  98  7:48  Robotics Facility  
  98  7:55  Probe x3  
  98  7:57  Assimilator  
  101  8:00  Photon Cannon  
  101  8:09  Zealot x4  
  101  8:10  Zealot x4  
  117  8:13  Pylon  
  117  8:17  Pylon  
  117  8:23  Nexus  
  117  8:31  Probe  
  116  8:44  Observer  
  116  8:47  Zealot x8  
  129  8:49  Robotics Bay  
  129  8:51  Robotics Facility  
  129  9:00  Immortal  
  129  9:01  Pylon  
  129  9:02  Pylon  
  129  9:04  Pylon  
  130  9:42  Disruptor x2  
  130  9:43  Nexus  
  130  9:45  Pylon  
  130  9:54  Stalker x5  
  130  9:55  Stalker  
  130  9:58  Pylon  
  130  9:59  Pylon  
  140  10:01  Pylon  
  140  10:02  Pylon  
  140  10:03  Pylon  
  140  10:08  Protoss Ground Weapons Level 3 (Chrono Boost)  
  132  10:15  Disruptor x2 (Chrono Boost)  
  138  10:30  Stalker x5, Zealot  
  138  10:31  Zealot  
  138  10:35  Photon Cannon  
  152  10:44  Disruptor (Chrono Boost)  
  152  10:47  Disruptor (Chrono Boost)  
  150  10:59  Probe x4  
  150  11:09  Zealot x7  
  165  11:11  Zealot, Probe x4  
  165  11:17  Disruptor  
  173  11:27  Disruptor  
  173  11:30  Zealot x4  
  173  11:31  Zealot  
  116  11:55  Zealot x4  
  116  11:56  Zealot x4  
  116  11:57  Disruptor (Chrono Boost)  
  119  12:03  Disruptor (Chrono Boost)  
  119  12:05  Observer  
  108  12:16  Stalker x4  
  108  12:17  Stalker x2  
  118  12:25  Probe x4  
  122  12:30  Disruptor (Chrono Boost)  
  122  12:33  Assimilator  
  122  12:35  Warp Prism (Chrono Boost)  
  122  12:36  Gateway, Photon Cannon  
  127  12:37  Photon Cannon  
  127  12:38  Assimilator, Gateway  
  127  12:45  Stalker  
  127  12:46  Stalker x3  
  135  12:52  Zealot  
  135  12:53  Zealot x2  
  135  12:56  Zealot  
  140  13:24  Zealot x8  
  143  13:43  Stalker, Photon Cannon  
  143  13:44  Stalker x6  
  143  13:45  Stalker x3  
  159  14:08  Nexus  
Show
View Real Time Build Order
Export as new Build Order

Zest Protoss 

Build Orders: Phoenix Opening 

Get SALT Encoding   

  12  0:00  Probe  
  13  0:12  Probe  
  14  0:17  Pylon  
  14  0:24  Probe (Chrono Boost)  
  15  0:36  Gateway, Probe (Chrono Boost)  
  16  0:44  Probe (Chrono Boost)  
  16  0:46  Assimilator  
  17  0:51  Probe  
  18  1:03  Probe (Chrono Boost)  
  19  1:04  Assimilator  
  19  1:08  Gateway  
  19  1:13  Probe (Chrono Boost)  
  19  1:18  Probe  
  20  1:24  Cybernetics Core  
  21  1:30  Probe  
  22  1:35  Pylon  
  22  1:42  Probe  
  23  1:54  Probe  
  23  1:58  Warp Gate (Chrono Boost)  
  23  2:01  Adept x2  
  28  2:11  Pylon  
  28  2:22  Pylon  
  28  2:31  Sentry x2  
  32  2:45  Nexus  
  32  2:47  Probe  
  33  2:59  Sentry, Probe  
  33  3:00  Stalker  
  33  3:04  Phoenix  
  38  3:08  Shield Battery  
  38  3:13  Pylon  
  38  3:15  Probe  
  39  3:22  Shield Battery  
  39  3:31  Probe  
  40  3:40  Stalker  
  40  3:41  Stalker  
  44  3:43  Probe (Chrono Boost)  
  45  3:55  Probe (Chrono Boost)  
  46  4:00  Probe (Chrono Boost)  
  48  4:04  Probe (Chrono Boost)  
  48  4:06  Twilight Council  
  48  4:07  Probe (Chrono Boost)  
  49  4:11  Probe (Chrono Boost)  
  49  4:12  Probe (Chrono Boost)  
  49  4:16  Forge  
  51  4:22  Probe  
  50  4:29  Probe  
  51  4:34  Probe  
  51  4:42  Probe  
  52  4:46  Phoenix, Probe  
  52  4:47  Blink  
  50  4:56  Stalker x2, Probe (Chrono Boost)  
  50  4:59  Protoss Ground Weapons Level 1 (Chrono Boost)  
  51  5:03  Probe (Chrono Boost)  
  50  5:09  Phoenix  
  50  5:12  Probe x2 (Chrono Boost)  
  51  5:16  Robotics Facility  
  51  5:17  Probe (Chrono Boost)  
  51  5:19  Probe  
  53  5:29  Probe  
  53  5:31  Probe  
  55  5:39  Nexus  
  55  5:44  Assimilator  
  55  5:47  Probe x2  
  57  5:55  Gateway  
  57  5:59  Gateway, Probe  
  57  6:00  Probe  
  59  6:05  Observer (Chrono Boost)  
  60  6:13  Pylon  
  60  6:17  Probe  
  61  6:27  Gateway  
  61  6:28  Warp Prism (Chrono Boost), Gateway  
  63  6:33  Sentry  
  63  6:34  Stalker  
  63  6:38  Probe x2  
  69  6:41  Pylon  
  69  6:46  Pylon  
  69  6:52  Probe x2  
  69  6:53  Probe  
  72  6:57  Protoss Ground Weapons Level 2 (Chrono Boost)  
  72  7:04  Probe (Chrono Boost)  
  72  7:05  Probe (Chrono Boost)  
  72  7:06  Probe (Chrono Boost)  
  76  7:15  Stalker x2  
  76  7:16  Stalker x2, Probe (Chrono Boost)  
  76  7:19  Probe (Chrono Boost)  
  76  7:20  Probe (Chrono Boost)  
  76  7:22  Probe (Chrono Boost)  
  87  7:23  Probe (Chrono Boost)  
  87  7:28  Probe  
  89  7:30  Gateway x2, Probe  
  89  7:34  Probe  
  91  7:37  Pylon  
  91  7:39  Pylon  
  91  7:48  Stalker x3  
  91  7:49  Stalker x2  
  101  7:53  Pylon  
  101  8:03  Stalker  
  103  8:09  Pylon  
  103  8:20  Stalker x5  
  113  8:27  Stalker x3  
  113  8:29  Nexus  
  113  8:46  Stalker x5  
  117  8:51  Stalker x3  
  123  9:01  Pylon  
  123  9:22  Stalker  
  123  9:23  Stalker x5, Zealot  
  123  9:24  Zealot  
  139  9:36  Protoss Ground Armor Level 1 (Chrono Boost)  
  137  9:43  Charge (Chrono Boost)  
  137  9:44  Pylon  
  137  9:46  Assimilator  
  137  9:50  Assimilator  
  137  9:59  Pylon  
  136  10:01  Gateway  
  136  10:04  Gateway  
  136  10:07  Photon Cannon  
  136  10:09  Shield Battery  
  134  10:20  Gateway x2  
  134  10:22  Pylon  
  134  10:25  Zealot x8  
  149  10:45  Zealot x3  
  149  10:46  Zealot x5  
  155  11:05  Pylon  
  155  11:07  Pylon  
  155  11:08  Pylon  
  155  11:10  Zealot x4  
  155  11:11  Zealot x6  
  175  11:16  Observer (Chrono Boost)  
  176  11:34  Zealot x8  
  144  11:47  Zealot x2  
  144  11:54  Zealot x2  
  100  11:55  Zealot x6  
  110  12:05  Stalker x2  
  100  12:10  Stalker  
  100  12:11  Stalker  
  69  12:21  Stalker x5  
  73  12:52  Stalker  
  73  12:53  Stalker x8  
  73  12:55  Observer (Chrono Boost)  
  92  13:19  Stalker x2  
  96  13:20  Stalker x6  
  87  13:39  Stalker x4  
  86  14:08  Stalker x2  
  86  14:09  Stalker x5  
Tags
 
Add a new tag
Caveats
  • Supply blocks, unpowered buildings, or Contaminate may cause inaccurate times.
  • Supply counts are checked every 10 seconds.